 Dungeon Crawl Stone Soup version 0.28-b1-1-g3c77fb2ed1 (webtiles) character file.

Game seed: 4328366250478522572

66 crazypyro the Conjurer (level 4, 0/32 HPs)
             Began as a Gnoll Wanderer on Jan 29, 2022.
             Slain by Sigmund (1 damage)
             ... on level 3 of the Dungeon.
             The game lasted 00:03:50 (2246 turns).

crazypyro the Conjurer (Gnoll Wanderer)             Turns: 2246, Time: 00:03:51

Health: 0/32       AC: 10    Str: 11    XL:     4   Next: 15%
Magic:  8/8        EV:  8    Int: 13    God:
Gold:   126        SH: 12    Dex: 12    Spells: 7/8 levels left

rFire   . . .      SeeInvis .   a - +0 club
rCold   . . .      Faith    .   c - +2 buckler
rNeg    . . .      Spirit   .   b - +0 scale mail
rPois   .          Reflect  +   f - +0 helmet
rElec   .          Harm     .   (no cloak)
rCorr   .          Rampage  .   d - +1 pair of gloves
Will    .....                   (no boots)
Stlth   ..........              r - amulet of reflection
HPRegen 0.10/turn               p - ring of flight
MPRegen 0.11/turn               (no ring)

@: lethally poisoned (0 -> -5), flying
A: fangs 1, strong nose, distributed training
a: no special abilities


You were on level 3 of the Dungeon.
You visited 1 branch of the dungeon, and saw 3 of its levels.

You collected 126 gold pieces.

Inventory:

Hand Weapons
 a - a +0 club (weapon)
Armour
 b - a +0 scale mail (worn)
 c - a +2 buckler (worn)
 d - a +1 pair of gloves (worn)
 f - a +0 helmet (worn)
Jewellery
 n - an amulet of magic regeneration
 p - a ring of flight (left hand)
 r - an amulet of reflection (around neck)
Scrolls
 e - 2 scrolls of magic mapping {unknown}
 g - a scroll of fear {unknown}
 h - a scroll of teleportation {unknown}
 i - a scroll of amnesia {unknown}
 k - a scroll of vulnerability {unknown}
 l - 2 scrolls of identify {unknown}
 m - a scroll of immolation {unknown}
 o - a scroll of enchant armour {unknown}
Potions
 j - a potion of heal wounds {unknown}
 q - a potion of invisibility {unknown}
 s - a potion of attraction {unknown}


   Skills:
 + Level 1.0 Fighting
 + Level 1.0 Short Blades
 + Level 1.0 Long Blades
 + Level 1.0 Axes
 + Level 1.0 Maces & Flails
 + Level 1.0 Polearms
 + Level 1.0 Staves
 + Level 1.0 Slings
 + Level 1.0 Bows
 + Level 1.0 Crossbows
 + Level 1.0 Throwing
 + Level 4.6 Armour
 + Level 1.0 Dodging
 + Level 1.0 Stealth
 + Level 6.6 Shields
 + Level 1.0 Unarmed Combat
 + Level 2.9 Spellcasting
 + Level 7.1 Conjurations
 + Level 0.8 Hexes
 + Level 0.8 Summonings
 + Level 0.8 Necromancy
 + Level 0.8 Translocations
 + Level 0.8 Transmutations
 + Level 0.8 Fire Magic
 + Level 0.8 Ice Magic
 + Level 0.8 Air Magic
 + Level 0.8 Earth Magic
 + Level 0.8 Poison Magic
 + Level 1.1 Invocations
 + Level 1.0 Evocations


You had 7 spell levels left.
You knew the following spells:

 Your Spells              Type           Power      Damage    Failure   Level
a - Shock                 Conj/Air       48%        1d6       30%         1

Your spell library contained the following spells:

 Spells                   Type           Power      Damage    Failure   Level
 Dazzling Flash           Conj/Hex       24%        N/A       65%         3
 Blink                    Tloc           8%         N/A       86%         2
 Lesser Beckoning         Tloc           4%         N/A       97%         3
 Manifold Assault         Tloc           4%         N/A       100%        5


Dungeon Overview and Level Annotations

Branches:
Dungeon (3/15)

Altars:
Elyvilon

Shops:
D:2 (

Annotations:
D:3 Robin, Sigmund


Innate Abilities, Weirdness & Mutations

You have very sharp teeth.
Your uncanny sense of smell can sniff out nearby items.
Your experience applies equally to all skills.


Message History

You feel very sick.
The goblin no longer looks unusually strong. x2
The hobgoblin no longer looks unusually strong.
The goblin no longer looks unusually strong.
Something hits you but does no damage.
You are more poisoned.
You block the goblin's attack. You block the hobgoblin's attack.
The goblin unwields a +0 hunting sling.
The goblin wields a +0 dagger.
The goblin hits you but does no damage.
Things that are here:
a scroll labelled TEDOV NOT ELAGIE; a hobgoblin corpse
Found a scroll labelled IGA MUAROIBONG.
You feel very sick. Robin throws the goblin at you!
The goblin hits you with a +0 dagger. Something hits you but does no damage.
You hit the goblin.
The goblin is moderately wounded.
You feel very sick.
The goblin no longer looks unusually strong.
The hobgoblin no longer looks unusually strong.
You block the goblin's attack. Robin throws the goblin at you!
The goblin barely misses you. The goblin hits you but does no damage.
The goblin hits you with a +0 dagger.
* * * LOW HITPOINT WARNING * * *
The goblin hits you but does no damage. You block something's attack.
You closely miss the goblin.
* * * LOW HITPOINT WARNING * * *
You feel very sick.
The goblin no longer looks unusually strong.
The goblin barely misses you. You block the goblin's attack.
The goblin hits you but does no damage. You block the goblin's attack.
Robin hits you with a +0 club.
* * * LOW HITPOINT WARNING * * *
The goblin hits you with a +0 dagger.
* * * LOW HITPOINT WARNING * * *
You block the goblin's attack. The goblin hits you but does no damage.
You completely miss the goblin.
* * * LOW HITPOINT WARNING * * *
You feel sick. Something hits you.
You die...

......#(## #...
.##.....##### #..#
#............# #..#
#..#.....###.# #..#
#.?#.#..## #.# #..#
...###.# #.# #..######
#.... .#####.###........
#...#.###..........#####
......g@gg...###.#.#
#.....gggg#..# #.#.#
......#.###..# #.#.#
#...###gg ...# #.#<# #..
... ...# #.#.# #.
.......(# .#..# #
##.###...# #.#.. #. ##.
#.#.. # ##..


You could see Robin, 2 hobgoblins and 6 goblins.

Vanquished Creatures
  2 adders (D:2)
  A worm (D:2)
  A dart slug (D:2)
  3 ball pythons (D:1)
  6 bats
  6 endoplasms
  A giant cockroach (D:1)
  5 goblins
  6 hobgoblins
  A quokka (D:2)
  5 frilled lizards
  4 kobolds
  A rat (D:1)
42 creatures vanquished.

Notes
Turn   | Place    | Note
-------+----------+-------------------------------------------
     0 | D:1      | crazypyro the Gnoll Wanderer began the quest for the Orb.
     0 | D:1      | crazypyro set off with the following items: a +0 club, a +0
                  | scale mail, a +2 buckler; and the following spell
                  | memorised: Shock; and the following spells available to
                  | memorise: Dazzling Flash
     0 | D:1      | Reached XP level 1. HP: 13/13 MP: 4/4
   374 | D:1      | Reached XP level 2. HP: 11/19 MP: 0/5
  1013 | D:1      | Reached XP level 3. HP: 25/25 MP: 1/7
  1279 | D:2      | Found Suzu's Antique Weapon Boutique.
  1286 | D:2      | Reached skill level 1 in Invocations
  1808 | D:2      | Reached skill level 1 in Fighting
  1808 | D:2      | Reached skill level 1 in Short Blades
  1808 | D:2      | Reached skill level 1 in Long Blades
  1808 | D:2      | Reached skill level 1 in Axes
  1808 | D:2      | Reached skill level 1 in Maces & Flails
  1808 | D:2      | Reached skill level 1 in Polearms
  1808 | D:2      | Reached skill level 1 in Staves
  1808 | D:2      | Reached skill level 1 in Slings
  1808 | D:2      | Reached skill level 1 in Bows
  1808 | D:2      | Reached skill level 1 in Crossbows
  1808 | D:2      | Reached skill level 1 in Throwing
  1808 | D:2      | Reached skill level 1 in Dodging
  1808 | D:2      | Reached skill level 1 in Stealth
  1808 | D:2      | Reached skill level 1 in Unarmed Combat
  1808 | D:2      | Reached skill level 1 in Evocations
  1963 | D:2      | Found a faded altar of an unknown god.
  1986 | D:2      | Reached XP level 4. HP: 32/32 MP: 8/8
  2156 | D:3      | Found a white marble altar of Elyvilon.
  2228 | D:3      | Noticed Robin
  2234 | D:3      | Noticed Sigmund
  2246 | D:3      | HP: 1/32 [poisoned by Sigmund]
  2246 | D:3      | Slain by Sigmund

Illustrated notes

Levels and vault maps discovered:
D:1:      tarquinn_simple_flora_water_a, layout_basic, minivault_25,
          minmay_misc_feat_enclosed
D:2:      layout_basic, hellmonk_ecumenical_altar_run_dry, serial_shops,
          nicolae_shop_behind_doors
D:3:      layout_loops_ring, elyvilon_altar_3, lemuel_round_altar,
          lemuel_round_altar, serial_shops, nicolae_shop_hallway_plus,
          uniq_robin, uniq_sigmund, uniq_natasha

Skill      XL: |  1  2  3 |
---------------+----------+-----
Invocations    | 1 |  1.1
Fighting       | 1 |  1.0
Short Blades   | 1 |  1.0
Long Blades    | 1 |  1.0
Axes           | 1 |  1.0
Maces & Flails | 1 |  1.0
Polearms       | 1 |  1.0
Staves         | 1 |  1.0
Slings         | 1 |  1.0
Bows           | 1 |  1.0
Crossbows      | 1 |  1.0
Throwing       | 1 |  1.0
Dodging        | 1 |  1.0
Stealth        | 1 |  1.0
Unarmed Combat | 1 |  1.0
Evocations     | 1 |  1.0
Armour         | |  4.6
Shields        | |  6.6
Spellcasting   | |  2.9
Conjurations   | |  7.1
Hexes          | |  0.8
Summonings     | |  0.8
Necromancy     | |  0.8
Translocations | |  0.8
Transmutations | |  0.8
Fire Magic     | |  0.8
Ice Magic      | |  0.8
Air Magic      | |  0.8
Earth Magic    | |  0.8
Poison Magic   | |  0.8

Action                   |  1- 3 |  4- 6 || total
-------------------------+-------+-------++-------
Melee: Club              |   131 |    16 ||   147
       Bite              |    13 |       ||    13
 Cast: Shock             |    32 |     2 ||    34
Armor: Scale mail        |    76 |    30 ||   106
Dodge: Dodged            |    66 |    16 ||    82
Block: Buckler           |    55 |    28 ||    83
       Reflection        |       |     1 ||     1
